 Dungeon Crawl Stone Soup version 0.17-a0-2220-g6fea741 (webtiles) character file.

772 septik the Cleaver (level 7, -4/61 HPs)
             Began as a Deep Dwarf Fighter on Oct 28, 2015.
             Slain by an ogre
             ... wielding a cursed -1 giant spiked club
              (20 damage)
             ... on level 5 of the Dungeon.
             The game lasted 00:20:55 (3414 turns).

septik the Cleaver (Deep Dwarf Fighter)             Turns: 3414, Time: 00:20:55

Health: -4/61      AC: 10    Str: 21    XL:     7   Next: 53%
Magic:  5/5        EV:  5    Int:  9    God:
Gold:   302        SH:  9    Dex: 12    Spells: 0 memorised, 6 levels left

rFire  . . .     SeeInvis .     a - +0 war axe
rCold  . . .     Clarity  .     v - +0 chain mail
rNeg   . . .     SustAt   .     c - +0 shield
rPois  .         Gourm    .     (no helmet)
rElec  .         Spirit   .     B - +0 cloak
rCorr  .         Warding  .     (no gloves)
rMut   .         Stasis   .     (no boots)
MR     +....                    (no amulet)
Stlth  ..........               (no ring)
                                (no ring)

@: non-regenerating, somewhat resistant to hostile enchantments, extremely
unstealthy
A: damage resistance, recharge devices, sense surroundings 1, slow regeneration
3
a: Device Recharging


You were on level 5 of the Dungeon.
You were not hungry.

You visited 1 branch of the dungeon, and saw 5 of its levels.

You collected 302 gold pieces.

Inventory:

Hand Weapons
 a - a +0 war axe (weapon)
Missiles
 h - 140 stones (quivered)
 k - 3 javelins
 t - 11 tomahawks
Armour
 b - a +0 scale mail
 c - a +0 shield (worn)
 v - a +0 chain mail (worn)
 B - a +0 cloak (worn)
Jewellery
 A - an uncursed ring of fire {unknown}
 C - an uncursed ring of protection from magic {unknown}
Wands
 e - a wand of heal wounds (5)
Scrolls
 g - a scroll of recharging {unknown}
 m - a scroll of amnesia
 q - 2 scrolls of magic mapping {unknown}
 s - 2 scrolls of identify {unknown}
 u - a scroll of enchant weapon {unknown}
 w - a scroll of fog {unknown}
 x - a scroll of immolation {unknown}
 y - a scroll of remove curse {unknown}
 E - a scroll of fear {unknown}
Potions
 d - a potion of might
 l - a potion of magic {unknown}
 n - 2 potions of ambrosia {unknown}
 o - a potion of berserk rage {unknown}
 z - a potion of cancellation {unknown}
Comestibles
 f - 8 bread rations
 i - a beef jerky
 j - 19 fruits
 p - a meat ration
 r - a slice of pizza
 D - 2 chunks of flesh


   Skills:
 - Level 2.8 Fighting
 + Level 9.1 Axes
 - Level 0.3 Throwing
 - Level 3.4 Armour
 - Level 0.6 Stealth
 - Level 3.5 Shields
 - Level 0.3 Evocations


You had 6 spell levels left.
You didn't know any spells.

Dungeon Overview and Level Annotations

Branches:
Dungeon (5/15)
 Temple: D:4-7

Altars:
Ashenzari
Gozag
Qazlal
Sif Muna

Annotations:
D:4 exclusion: player ghost, septik's ghost, novice OgBe


Innate Abilities, Weirdness & Mutations

You are resistant to damage.
You can recharge devices by infusing magical energy.
You passively map a small area around you.
You do not regenerate naturally.


Message History

Evoke which item? (* to show all) (? for menu, Esc to quit)
Okay, then.
Evoke which item? (* to show all) (? for menu, Esc to quit)
Zapping:
e - a wand of heal wounds (1)
Press: ? - help, Shift-Dir - straight line, f - you You feel much better.
This wand has 0 charges left.
The ogre hits you with a giant spiked club.
You hit the ogre.
The ogre is heavily wounded.
You barely miss the ogre.
The ogre is heavily wounded.
The ogre hits you with a giant spiked club!!
* * * LOW HITPOINT WARNING * * *
Evoke which item? (* to show all) (? for menu, Esc to quit)
This wand has no charges.
Unknown command.
Charge which item? (? for menu, Esc to quit)
Your wand of heal wounds (0) glows for a moment and now has 5 charges.
The ogre hits you with a giant spiked club!!
You die...

#.#...# #..#..# ##..#.#**
##..##,, * * ##.#..#, , *
#...#.# ** ..#.# #.#...#
.... #####.#.## ... *
###.####@## ..#..#
#......#O# #####.. #.#
#.......Y# #..... #.#
#####
###.#...#######.##≈####..
#..)#
#.#.#............)...##
#...#
#...#............###...
#...#
##................#....
##.##
#....................#
♣♣.♣
#...................##


You could see an ice beast and an ogre.

Vanquished Creatures
  A phantom (D:4)
  An ice beast (D:5)
  Blork the orc (D:5)
  A crimson imp (D:5)
  3 hounds
  An orc priest (D:5)
  Crazy Yiuf (D:5)
  A centaur skeleton (D:5)
  Jessica (D:2)
  An orc wizard (D:5)
  2 worker ants
  7 adders
  An ooze (D:1)
  4 worms
  5 giant geckos
  7 orcs
  4 ball pythons
  6 bats
  3 giant cockroaches
  6 hobgoblins
  4 giant newts
  8 goblins
  6 jackals
  A jackal skeleton (D:5)
  11 kobolds
  A quokka (D:4)
  4 rats
92 creatures vanquished.

Vanquished Creatures (others)
  A sky beast (D:5)
1 creature vanquished.

Grand Total: 93 creatures vanquished

Notes
Turn   | Place    | Note
--------------------------------------------------------------
     0 | D:1      | septik the Deep Dwarf Fighter began the quest for the Orb.
     0 | D:1      | Reached XP level 1. HP: 20/20 MP: 1/1
   180 | D:1      | Reached XP level 2. HP: 22/27 MP: 2/2
   786 | D:2      | Reached XP level 3. HP: 23/33 MP: 3/3
   810 | D:2      | Noticed Jessica
   850 | D:2      | Killed Jessica
   987 | D:2      | Reached skill level 4 in Axes
  1095 | D:2      | Reached XP level 4. HP: 38/40 MP: 4/4
  1685 | D:3      | Reached skill level 5 in Axes
  1933 | D:3      | Reached XP level 5. HP: 26/48 MP: 5/5
  2131 | D:3      | Found a shattered altar of Ashenzari.
  2277 | D:4      | Reached skill level 6 in Axes
  2484 | D:4      | Noticed a phantom
  2500 | D:4      | Killed a phantom
  2500 | D:4      | Reached XP level 6. HP: 36/55 MP: 6/6
  2505 | D:4      | Noticed septik's ghost (novice OgBe)
  2639 | D:3      | Reached skill level 7 in Axes
  2748 | D:5      | Entered Level 5 of the Dungeon
  2748 | D:5      | Found an opulent altar of Gozag.
  2875 | D:5      | Reached skill level 8 in Axes
  2875 | D:5      | Reached XP level 7. HP: 13/61 MP: 6/6
  3001 | D:5      | Noticed Crazy Yiuf
  3032 | D:5      | Killed Crazy Yiuf
  3179 | D:5      | Noticed Blork the orc
  3187 | D:5      | Killed Blork the orc
  3187 | D:5      | Reached skill level 9 in Axes
  3294 | D:5      | Found a deep blue altar of Sif Muna.
  3294 | D:5      | Found a shattered altar of Ashenzari.
  3390 | D:5      | Found a stormy altar of Qazlal.
  3414 | D:5      | Slain by an ogre

Vault maps used:
D:1:      dpeg_arrival_rooms_c, st_stairs_11
D:2:      uniq_jessica
D:3:      cheibrodos_ashenzari_chains
D:4:      serial_shops, nicolae_shop_window_shopping
D:5:      marbit_many_paths, gammafunk_temple_overflow_elements, first_bread,
          basic_altar, uniq_crazy_yiuf_cottage, uniq_blork_the_orc

Action                   |  1- 3 |  4- 6 |  7- 9 || total
-------------------------+-------+-------+-------++-------
Melee: War axe           |   101 |   264 |    67 ||   432
Throw: Stone             |     3 |     3 |       ||     6
 Abil: Device Recharging |       |     1 |     1 ||     2
Evoke: Wand              |     1 |     5 |     3 ||     9
  Use: Scroll            |     1 |       |       ||     1
       Potion            |       |     1 |       ||     1
  Eat: Chunk             |     1 |     6 |     2 ||     9
